Map: Cyber Forest LE

Players

pHARM

  • Race: Zerg Zerg
  • League: Platinum
  • Spawn Location: 11:00

paul - Winner!

  • Race: Terran Terran
  • League: Platinum
  • Spawn Location: 5:00

VOD

Have the link to the VOD?

Description

Time

  • Played on: July 20, 2019, 1:32 p.m.
  • Length: 9:46
Show
View Real Time Build Order
Export as new Build Order

pHARM Zerg 

Build Orders: Hatch First, Zergling Baneling 

Get SALT Encoding   

  12  0:01  Drone  
  13  0:10  Drone  
  14  0:21  Overlord  
  14  0:39  Drone x2  
  16  0:53  Drone  
  16  0:56  Drone  
  18  0:58  Hatchery  
  18  1:01  Drone  
  18  1:11  Extractor  
  17  1:19  Spawning Pool  
  17  1:22  Drone  
  17  1:24  Drone  
  18  1:37  Drone  
  19  1:50  Drone  
  20  1:54  Overlord  
  20  2:10  Queen x2  
  20  2:12  Zergling x4  
  26  2:18  Drone  
  26  2:19  Metabolic Boost  
  27  2:25  Drone  
  27  2:35  Drone x2  
  29  2:43  Drone  
  31  2:58  Drone x3  
  33  3:14  Hatchery  
  33  3:18  Drone x4  
  36  3:20  Lair  
  35  3:35  Overlord x2  
  35  3:53  Queen  
  37  3:57  Baneling Nest  
  37  4:00  Drone x10  
  46  4:23  Extractor  
  45  4:25  Extractor  
  45  4:28  Nydus Network  
  43  4:37  Zergling x26  
  56  4:42  Baneling x3  
  56  4:50  Overlord x2  
  56  4:59  Baneling x5  
  57  5:07  Zergling x2  
  57  5:08  Queen  
  59  5:18  Nydus Canal  
  59  5:21  Zergling x20  
  53  5:54  Zergling x20  
  62  6:01  Queen x2  
  42  6:37  Zergling x18  
  15  7:19  Spore Crawler  
  15  7:20  Spine Crawler  
  15  7:21  Zergling x2  
  15  7:22  Zergling x12  
  16  7:59  Baneling x4  
  16  8:00  Baneling  
  16  8:01  Zergling x2  
  16  8:02  Zergling x4  
  16  8:43  Drone x3  
  19  9:21  Hatchery  
Show
View Real Time Build Order
Export as new Build Order

paul Terran - Winner!

Build Orders:  

Get SALT Encoding   

  12  0:01  SCV  
  13  0:13  SCV  
  14  0:17  Supply Depot  
  14  0:25  SCV  
  15  0:39  SCV  
  15  0:40  Barracks  
  16  0:45  Refinery  
  16  0:51  SCV  
  17  1:03  SCV  
  18  1:15  SCV  
  19  1:27  SCV  
  19  1:28  Reaper  
  21  1:38  Command Center  
  21  1:47  Orbital Command  
  21  1:55  Supply Depot  
  21  2:03  Barracks Reactor  
  21  2:10  Barracks  
  21  2:13  SCV  
  22  2:30  Factory  
  22  2:41  Marine x2  
  24  2:45  SCV  
  24  2:47  Refinery  
  25  2:57  SCV x2  
  27  2:59  Barracks Tech Lab  
  27  3:03  Marine  
  28  3:09  SCV  
  29  3:13  SCV  
  29  3:19  Marine x2  
  32  3:20  Stimpack  
  32  3:21  SCV  
  33  3:28  SCV  
  33  3:33  SCV  
  35  3:35  Marine  
  35  3:37  Marine x2  
  35  3:38  Starport  
  35  3:40  SCV  
  39  3:45  SCV  
  39  3:47  Supply Depot  
  40  3:48  Factory Reactor  
  40  3:49  Supply Depot  
  40  3:53  Marine  
  40  3:54  Marine  
  42  4:00  SCV  
  43  4:03  Refinery, Marine  
  44  4:10  Marine, Supply Depot  
  44  4:12  SCV  
  44  4:13  SCV  
  44  4:15  Marine  
  48  4:21  Marine  
  49  4:24  SCV  
  49  4:28  Marine  
  49  4:29  Medivac x2  
  55  4:32  Marine, Factory Tech Lab  
  55  4:35  Supply Depot  
  55  4:37  SCV  
  57  4:39  Marine  
  58  4:46  Marine  
  58  4:48  SCV  
  58  4:49  SCV  
  58  4:50  Siege Tank  
  64  4:55  Liberator  
  64  5:00  SCV  
  66  5:09  Orbital Command  
  68  5:16  Engineering Bay  
  68  5:20  SCV  
  69  5:21  Engineering Bay  
  69  5:27  Marine x2  
  46  5:51  Marine x2  
  47  5:58  SCV  
  47  6:01  Marine  
  44  6:09  Marine x2  
  44  6:19  Marine  
  42  6:27  SCV  
  42  6:28  Marine  
  42  6:29  Marine  
  45  6:33  Barracks  
  45  6:34  Barracks  
  45  6:37  Marine  
  45  6:46  Marine x2  
  46  6:49  SCV  
  46  6:55  Marine  
  46  6:57  Orbital Command  
  45  7:01  SCV  
  42  7:09  Starport Reactor  
  42  7:13  SCV  
  43  7:25  SCV  
  43  7:27  Orbital Command  
  44  7:32  Marine x2  
  46  7:37  SCV  
  46  7:49  SCV  
  45  7:57  Barracks Reactor  
  45  8:00  Barracks Reactor  
  45  8:02  Factory Tech Lab  
  45  8:06  SCV  
  46  8:13  Medivac  
  47  8:39  SCV x2  
  49  8:48  Marine x2  
  50  8:50  Medivac x2  
  50  8:51  SCV x2  
  57  8:59  Siege Tank, Marine x2  
  62  9:03  SCV x2  
  62  9:09  Refinery  
  64  9:10  Refinery  
  64  9:15  SCV x2  
  66  9:19  Command Center  
  68  9:24  Marine x2  
  68  9:30  Supply Depot x2  
Tags
 
Matchup
TvZ
Replay Pack
10.7.19
Spawn Locations
Cross Positions
Add a new tag
Caveats
  • Supply blocks, unpowered buildings, or Contaminate may cause inaccurate times.
  • Supply counts are checked every 10 seconds.